 Dungeon Crawl Stone Soup version 0.29-a0-541-gaf1fc19f1b (webtiles) character file.

Game seed: 14244665333794322283

394 oldriver the Skirmisher (level 6, -5/54 HPs)
             Began as a Palentonga Fighter on June 3, 2022.
             Succumbed to an orc's poison
             ... on level 4 of the Dungeon.
             The game lasted 00:03:16 (3614 turns).

oldriver the Skirmisher (Palentonga Fighter)        Turns: 3614, Time: 00:03:16

Health: -5/54      AC:  8    Str: 21    XL:     6   Next: 51%
Magic:  6/6        EV:  7    Int:  8    God:
Gold:   222        SH:  4    Dex: 10    Spells: 5/5 levels left

rFire   . . .      SeeInvis +   a - +0 war axe
rCold   . . .      Faith    .   c - +0 buckler
rNeg    . . .      Spirit   .   b - +0 scale mail
rPois   .          Reflect  .   n - +1 helmet
rElec   .          Harm     .   (no cloak)
rCorr   .          Rampage  .   (no gloves)
Will    .....                   (no barding)
Stlth   ..........              (no amulet)
HPRegen 0.18/turn               (no ring)
MPRegen 0.10/turn               (no ring)

@: lethally poisoned (-5 -> -32)
A: large, rugged brown scales 3, see invisible, deformed body, roll 1, armoured
tail
a: Rolling Charge


You were on level 4 of the Dungeon.
You visited 1 branch of the dungeon, and saw 4 of its levels.

You collected 222 gold pieces.

Inventory:

Hand Weapons
 a - a +0 war axe (weapon)
 p - the +4 mace of Pish {spect, Drain rF++ rN+ Will-}
   (You took it off a goblin on level 3 of the Dungeon)

   When its wielder attacks, the weapon's spirit leaps out and strikes again.
   The spirit shares a part of any damage it takes with its wielder.
   rF:        It greatly protects you from fire.
   rN:        It protects you from negative energy.
   Drain:     It drains your maximum health when unequipped.
   Will:      It decreases your willpower.
Armour
 b - a +0 scale mail (worn)
 c - a +0 buckler (worn)
 n - a +1 helmet (worn)
Wands
 o - a wand of paralysis (12)
Scrolls
 e - 2 scrolls of blinking
 h - a scroll of poison {unknown}
 l - a scroll of teleportation
 q - a scroll of enchant armour
Potions
 d - 3 potions of might
 f - 3 potions of curing
 g - a potion of haste {unknown}
 i - 2 potions of brilliance {unknown}
 j - a potion of mutation
 k - a potion of invisibility {unknown}
 m - a potion of resistance {unknown}
 r - a potion of lignification {unknown}
 s - a potion of flight {unknown}


   Skills:
 + Level 5.4 Fighting
 * Level 5.3 Axes
 - Level 2.4 Armour
 - Level 2.6 Shields


You had 5 spell levels left.
You didn't know any spells.
Your spell library was empty.

Dungeon Overview and Level Annotations

Branches:
Dungeon (4/15)
 Temple: D:4-7

Altars:
Beogh

Shops:
D:2 [


Innate Abilities, Weirdness & Mutations

You are completely covered in rugged brown scales. (AC +3, +7% HP)
You have supernaturally acute eyesight. (SInv)
Armour fits poorly on your strangely shaped body.
You can roll at nearby foes to attack.
You have a long armoured tail.


Message History

a +0 hand axe; a +0 leather armour The orc shouts!
You hit the orc wizard. You tail-slap the orc wizard!
You kill the orc wizard!
You hear a shout!
An orc comes into view. It is wielding a +0 flail.
Things that are here:
a +0 dagger; a +0 robe; an orc corpse The orc barely misses you.
The orc closely misses you.
You slash the orc!
You kill the orc!
The orc hits you from afar with a +0 trident of venom.
You closely miss the orc.
Your tail-slap misses the orc.
You block the orc's attack. The orc barely misses you.
The orc hits you from afar with a +0 trident of venom.
You are poisoned.
The orc hits you with a +0 flail!
You hit the orc.
The orc is almost dead.
You feel very sick. The orc barely misses you.
The orc hits you but does no damage.
You hit the orc.
You kill the orc!
You feel very sick.
The orc hits you from afar with a +0 trident of venom!
You are lethally poisoned!
You are too injured to fight recklessly!
You are too injured to fight recklessly!
You are too injured to fight recklessly!
You are too injured to fight recklessly!
You feel very sick.
The orc hits you with a +0 trident of venom.
* * * LOW HITPOINT WARNING * * *
You are more poisoned.
Items here: ( )) †.
You slash the orc!
You kill the orc!
* * * LOW HITPOINT WARNING * * *
You feel extremely sick.
You die...

.. ... ....
....#####
........#
........#
........######
.......@).)).#
........####.#
......... #.#
######
####.....# #.#
###....#
#.....# #.#
#...##.#
#.....#
#.###.#.##.#
#.....#
#.>.....##.#
#.....#
####.##.##.#
#.#...#.##.##


There were no monsters in sight!

Vanquished Creatures
  A scorpion (D:4)
  A necrophage (D:3)
  Crazy Yiuf (D:3)
  Terence (D:3)
  Natasha (D:3)
  An orc wizard (D:4)
  4 gnolls (D:3)
  2 adders
  A worm (D:3)
  7 dart slugs
  8 orcs
  8 ball pythons
  7 endoplasms
  4 giant cockroaches
  6 goblins
  10 hobgoblins
  4 quokkas
  9 bats
  A frilled lizard (D:3)
  8 kobolds
  10 rats
95 creatures vanquished.

Notes
Turn   | Place    | Note
-------+----------+-------------------------------------------
     0 | D:1      | oldriver the Palentonga Fighter began the quest for the
                  | Orb.
     0 | D:1      | Reached XP level 1. HP: 19/19 MP: 1/1
   171 | D:1      | Reached XP level 2. HP: 14/25 MP: 2/2
   905 | D:1      | Reached XP level 3. HP: 29/31 MP: 3/3
  1087 | D:1      | Found a faded altar of an unknown god.
  1968 | D:2      | Found Qeawkih's Antique Armour Emporium.
  2071 | D:3      | Reached XP level 4. HP: 38/39 MP: 4/4
  2307 | D:3      | Noticed a necrophage
  2315 | D:3      | Killed a necrophage
  2316 | D:3      | Reached XP level 5. HP: 32/46 MP: 5/5
  2507 | D:3      | Noticed Natasha
  2517 | D:3      | Killed Natasha
  2576 | D:3      | Noticed Terence
  2745 | D:3      | Killed Terence
  2746 | D:3      | Reached skill level 5 in Fighting
  2858 | D:3      | Identified the +4 mace of Pish {spect, Drain rF++ rN+
                  | Will-}
  3126 | D:3      | Reached XP level 6. HP: 51/54 MP: 6/6
  3188 | D:3      | Found a runed translucent door.
  3189 | D:3      | Noticed Crazy Yiuf
  3195 | D:3      | Killed Crazy Yiuf
  3296 | D:4      | Reached skill level 5 in Axes
  3613 | D:4      | HP: 1/54 [poisoned by an orc]
  3614 | D:4      | Succumbed to an orc's poison

Illustrated notes

Levels and vault maps discovered:
D:1:      nicolae_arrival_memento_mori, layout_basic,
          hellmonk_ecumenical_altar_defaced_shrine, minivault_14
D:2:      layout_loops_ring, serial_shops, shop, st_stairs_4, minivault_25
D:3:      minmay_bubble_buster, layout_basic, corexii_leaking_fountain,
          uniq_natasha, uniq_crazy_yiuf_cottage, uniq_terence
D:4:      minmay_inner_zag, layout_basic

Skill      XL: |  1  2  3  4  5  6 |
---------------+-------------------+-----
Axes           | 3 4 5 |  5.3
Fighting       | 4 5 |  5.4
Armour         | |  2.4
Shields        | |  2.6

Action                   |  1- 3 |  4- 6 || total
-------------------------+-------+-------++-------
Melee: War axe           |    92 |   132 ||   224
       Tailslap          |    12 |    13 ||    25
 Abil: Rolling Charge    |    16 |    16 ||    32
  Use: Scroll            |     9 |       ||     9
Armor: Scale mail        |    39 |    89 ||   128
Dodge: Dodged            |    23 |    69 ||    92
Block: Buckler           |    23 |    33 ||    56

Table legend: (Time is in decaauts)
 A = Elapsed time spent in this place.
 B = Non-inter-level travel time spent in this place.
 C = Inter-level travel time spent in this place.
 D = Time resting spent in this place.
 E = Time spent auto-exploring this place.
 F = Levels seen in this place.
 G = Mean time per level.
                   A        B        C        D        E       F      G
               +--------+--------+--------+--------+--------+-----+--------+
         Total |   3692 |   3573 |    119 |    430 |   2575 |   4 |  923.0 |
       Dungeon |   3692 |   3573 |    119 |    430 |   2575 |   4 |  923.0 |
               +--------+--------+--------+--------+--------+-----+--------+

Top non-repeatable levels by time:
     D:1: 1316 daAuts
     D:3: 1145 daAuts
     D:2: 868 daAuts
     D:4: 362 daAuts
